 Dungeon Crawl Stone Soup version 0.27-a0-1273-gec92ba8 (webtiles) character file.

Game seed: 4834510211050268890

61 Illumine the Ducker (level 3, -2/19 HPs)
             Began as a Spriggan Abyssal Knight on June 11, 2021.
             Was a Follower of Lugonu.
             Slain by an adder (4 damage)
             ... on level 2 of the Dungeon.
             The game lasted 00:03:20 (2511 turns).

Illumine the Ducker (Spriggan Abyssal Knight)       Turns: 2511, Time: 00:03:21

Health: -2/19      AC:  2    Str:  9    XL:     3   Next: 83%
Magic:  5/5        EV: 18    Int: 13    God:    Lugonu [*.....]
Gold:   104        SH:  0    Dex: 14    Spells: 2/2 levels left

rFire    . . .     SeeInvis +   c - +0 short sword
rCold    . . .     Faith    .   (shield restricted)
rNeg     . . .     Spirit   .   b - +0 robe
rPois    .         Reflect  .   (helmet restricted)
rElec    .         Harm     .   (no cloak)
rCorr    .         Rampage  .   (gloves unavailable)
Will     .....                  (boots unavailable)
Stlth    ++........             (no amulet)
HPRegen  0.06/turn              (no ring)
MPRegen  0.09/turn              (no ring)

@: lethally poisoned (-2 -> -5), very quick
A: very small, no large weapons, unfitting armour, see invisible, speed 3
a: Renounce Religion, Depart the Abyss


You were on level 2 of the Dungeon.
You worshipped Lugonu.
Lugonu was aware of your devotion.
You visited 1 branch of the dungeon, and saw 2 of its levels.
You visited the Abyss 1 time.

You collected 104 gold pieces.

Inventory:

Hand Weapons
 a - a +1 hand axe
 c - a +0 short sword (weapon)
Missiles
 d - a throwing net
Armour
 b - a +0 robe (worn)
Scrolls
 e - 3 scrolls of identify {unknown}
 g - a scroll of teleportation {unknown}
 h - a scroll of vulnerability {unknown}
 i - a scroll of enchant armour {unknown}
 j - a scroll of fog {unknown}


   Skills:
 + Level 2.8 Fighting
 * Level 2.6 Short Blades
 - Level 1.5 Axes
 + Level 4.0 Dodging
 + Level 0.6 Stealth
 - Level 1.7 Invocations


You had 2 spell levels left.
You didn't know any spells.
Your spell library was empty.

Dungeon Overview and Level Annotations

Branches:
Dungeon (2/15)

Altars:


Innate Abilities, Weirdness & Mutations

You are very small and have problems with some larger weapons.
You are too small for most types of armour.
You have supernaturally acute eyesight. (SInv)
You cover ground extremely quickly. (Speed+++)


Message History

You hit the adder but do no damage.
The adder is lightly wounded.
The adder bites you. The bat completely misses you. The adder bites you.
You closely miss the adder.
The adder is lightly wounded.
The bat hits you but does no damage. The adder closely misses you.
You hit the adder.
The adder is severely wounded.
The bat misses you. The adder bites you.
You are poisoned.
The adder poisons you!
You miss the adder.
The adder is severely wounded.
You feel sick. The bat barely misses you. The bat hits you but does no damage.
The adder bites you.
* * * LOW HITPOINT WARNING * * *
Unknown command.
You feel better. The bat hits you but does no damage. The bat misses you.
The adder bites you.
You are poisoned.
The adder poisons you! The adder barely misses you.
You hit the adder but do no damage.
The adder is severely wounded.
You feel sick. The bat closely misses you. The adder closely misses you.
You hit the adder.
The adder is almost dead.
You feel sick. The bat hits you but does no damage. The adder bites you.
You are lethally poisoned!
The adder poisons you!
You miss the adder.
The adder is almost dead.
* * * LOW HITPOINT WARNING * * *
You feel sick. The bat closely misses you. The adder misses you.
You closely miss the adder.
The adder is almost dead.
* * * LOW HITPOINT WARNING * * *
You feel sick. The bat hits you.
* * * LOW HITPOINT WARNING * * *
The adder bites you.
You die...

#..# ##.#
###.###.#
#.......#
########.##.##.#
.........# ..# #
.........# #.#.#
........†###...#
.........S@b...#
........####...#
........# #.#
........# #
.........
.......(.
..$......


You could see an adder and a bat.

Vanquished Creatures
  An adder (D:2)
  A worm (D:2)
  7 bats
  2 endoplasms (D:1)
  5 giant cockroaches
  7 goblins
  4 hobgoblins
  5 jackals (D:1)
  A quokka (D:1)
  3 ball pythons (D:1)
  2 frilled lizards (D:1)
  3 kobolds
  2 rats
43 creatures vanquished.

Notes
Turn   | Place    | Note
-------+----------+-------------------------------------------
     0 | Abyss:1  | Illumine the Spriggan Abyssal Knight began the quest for
                  | the Orb.
     0 | Abyss:1  | Reached XP level 1. HP: 11/11 MP: 3/3
     0 | D:1      | Escaped the Abyss
   195 | D:1      | Reached skill level 1 in Short Blades
   419 | D:1      | Reached XP level 2. HP: 16/16 MP: 4/4
   425 | D:1      | Reached * piety under Lugonu
  1116 | D:1      | Found a faded altar of an unknown god.
  1146 | D:1      | Reached XP level 3. HP: 9/19 MP: 5/5
  2477 | D:2      | Reached skill level 4 in Dodging
  2511 | D:2      | Slain by an adder

Illustrated notes

Levels and vault maps discovered:
D:1:      lemuel_arrival_tunnels, layout_rooms, basic_ecumenical_altar,
          minmay_stone_trees_medium, minmay_pentomino_q4
D:2:      layout_basic, minmay_tiny_reverse_x, uniq_sigmund

Skill      XL: |  1  2  3 |
---------------+----------+-----
Short Blades   | 1 2 |  2.6
Dodging        | 4 |  4.0
Fighting       | |  2.8
Axes           | |  1.5
Stealth        | |  0.6
Invocations    | |  1.7

Action                   || total
-------------------------++-------
Melee: Hand axe          ||    64
       Short sword       ||   163
Invok: Depart the Abyss  ||     1
  Use: Potion            ||     2
Armor: Robe              ||    33
Dodge: Dodged            ||   233

Table legend: (Time is in decaauts)
 A = Elapsed time spent in this place.
 B = Non-inter-level travel time spent in this place.
 C = Inter-level travel time spent in this place.
 D = Time resting spent in this place.
 E = Time spent auto-exploring this place.
 F = Levels seen in this place.
 G = Mean time per level.
                   A        B        C        D        E       F      G
               +--------+--------+--------+--------+--------+-----+--------+
         Total |   2164 |   2136 |     28 |   1013 |    680 |   3 |  721.3 |
       Dungeon |   2164 |   2136 |     28 |   1013 |    680 |   2 | 1082.0 |
         Abyss |      0 |      0 |      0 |      0 |      0 |   1 |    0.0 |
               +--------+--------+--------+--------+--------+-----+--------+

Top non-repeatable levels by time:
     D:1: 1518 daAuts
     D:2: 645 daAuts
